 Dungeon Crawl Stone Soup version 0.21-a0-401-g0b6bec4 (webtiles) character file.

161 ManWithNoName the Ruffian (level 5, -1/53 HPs)
             Began as a Troll Monk on Oct 24, 2017.
             Slain by a two-headed ogre
             ... wielding a +0 giant club
              (25 damage)
             ... on level 4 of the Dungeon.
             The game lasted 00:04:44 (3194 turns).

ManWithNoName the Ruffian (Troll Monk)              Turns: 3194, Time: 00:04:45

Health: -1/53      AC:  5    Str: 20    XL:     5   Next: 18%
Magic:  4/4        EV: 10    Int:  6    God:
Gold:   200        SH:  0    Dex: 12    Spells: 4/4 levels left

rFire    . . .     SeeInvis .     - Unarmed
rCold    . . .     Gourm    +   (no shield)
rNeg     . . .     Faith    .   a - +0 robe
rPois    .         Spirit   .   (helmet restricted)
rElec    .         Reflect  .   (no cloak)
rCorr    .         Harm     .   (gloves unavailable)
MR       .....                  (boots unavailable)
Stlth    ++........             (no amulet)
HPRegen  0.57/turn              (no ring)
MPRegen  0.09/turn              (no ring)

@: very slightly contaminated, invisible
A: unfitting armour, claws 3, fast metabolism 3, gourmand, regeneration 1,
shaggy fur 1, tough skin 2
a: no special abilities


You were on level 4 of the Dungeon.
You were very hungry.

You visited 1 branch of the dungeon, and saw 4 of its levels.

You collected 200 gold pieces.

Inventory:

Hand Weapons
 p - a +0 hunting sling of velocity
 u - a +0 club
Missiles
 q - 44 stones (quivered)
Armour
 a - a +0 robe (worn)
Jewellery
 n - an uncursed amulet of the gourmand
Scrolls
 c - a scroll of identify
 d - a scroll of enchant weapon {unknown}
 e - 4 scrolls of teleportation {unknown}
 f - a scroll of enchant armour {unknown}
 i - 2 scrolls of noise {unknown}
 m - a scroll of magic mapping {unknown}
 o - a scroll of fear {unknown}
Potions
 g - a potion of ambrosia
 j - a potion of mutation
 r - a potion of cancellation {unknown}
 s - a potion of resistance
 t - a potion of might {unknown}
 v - a potion of magic {unknown}
Comestibles
 b - 4 bread rations
 k - a meat ration


   Skills:
 + Level 3.4 Fighting
 - Level 2.4 Dodging
 - Level 1.0 Stealth
 * Level 5.1 Unarmed Combat


You had 4 spell levels left.
You didn't know any spells.

Dungeon Overview and Level Annotations

Branches:
Dungeon (4/15)
 Temple: D:4-7

Altars:
Kikubaaqudgha
Nemelex Xobeh

Shops:
D:4 [


Innate Abilities, Weirdness & Mutations

You are too large for most types of armour.
You have claws for hands.
Your metabolism is lightning-fast.
You like to eat raw meat.
Your natural rate of healing is unusually fast.
You are covered in fur. (AC +1)
You have very tough skin. (AC +2)


Message History

The two-headed ogre completely misses you.
The two-headed ogre hits you with a giant club!!
You scratch the two-headed ogre.
The two-headed ogre is moderately wounded.
You catch the helpless two-headed ogre completely off-guard!
You claw the two-headed ogre!
The two-headed ogre is heavily wounded.
The two-headed ogre barely misses you. x2
You claw the two-headed ogre!
The two-headed ogre is heavily wounded.
The two-headed ogre hits you with a giant club!!
* * * LOW HITPOINT WARNING * * *
The two-headed ogre hits you with a giant club.
* * * LOW HITPOINT WARNING * * *
Unknown command.
You feel much better.
You claw the two-headed ogre!
The two-headed ogre is severely wounded.
The two-headed ogre hits you with a giant club!!
You die...

....#############.#....#
#.###...#..........#######
....⌠.⌠...................
...#.∩!##.#.##...#.####..
<...⌠.⌠.........##.##
#......########.##.l#
...#....... #.###.#
...#........ #!###.##
.#.#......... #.@Ol..#
##...####...# ####l#.#
##.... ...# #Z.... .....
..# #..#.#.# .#.#...# Z
.##..# .. .# ..# .. .#


You could see a two-headed ogre and 2 frilled lizards.

Vanquished Creatures
  An iguana (D:2)
  5 adders
  An ooze (D:1)
  A worm (D:2)
  3 leopard geckos
  4 giant cockroaches
  9 goblins
  10 hobgoblins
  4 jackals (D:3)
  16 kobolds
  A quokka (D:2)
  9 bats
  4 frilled lizards
  10 rats
78 creatures vanquished.

Notes
Turn   | Place    | Note
-------+----------+-------------------------------------------
     0 | D:1      | ManWithNoName the Troll Monk began the quest for the Orb.
     0 | D:1      | Reached XP level 1. HP: 22/22 MP: 0/0
    71 | D:1      | Reached XP level 2. HP: 29/29 MP: 1/1
   534 | D:1      | Reached XP level 3. HP: 36/36 MP: 2/2
   565 | D:1      | Reached skill level 4 in Unarmed Combat
  1038 | D:2      | Reached XP level 4. HP: 43/45 MP: 3/3
  1280 | D:2      | Found an ancient bone altar of Kikubaaqudgha.
  2070 | D:3      | Found a faded altar of an unknown god.
  2109 | D:3      | Reached skill level 5 in Unarmed Combat
  2132 | D:3      | Reached XP level 5. HP: 53/53 MP: 4/4
  2155 | D:3      | Found a sparkling altar of Nemelex Xobeh.
  2798 | D:4      | Noticed a two-headed ogre
  2799 | D:4      | Found Sereryuk's Armour Boutique.
  3194 | D:4      | Slain by a two-headed ogre

Vault maps used:
D:1:      minmay_arrival_loop
D:2:      marbit_many_paths, minmay_tall_x
D:3:      lemuel_crystal_altar, chequers_ecumenical_altar_island
D:4:      kennysheep_mini, serial_bayou, serial_bayou_pond_c,
          serial_bayou_pond_c, serial_bayou_pond_e, serial_bayou_lagoon_a,
          first_bread, serial_shops, shop_fountains, uniq_eustachio

Skill      XL: |  1  2  3  4 |
---------------+-------------+-----
Unarmed Combat | 4 5 |  5.1
Fighting       | 3 |  3.4
Dodging        | |  2.4
Stealth        | |  1.0

Action                   |  1- 3 |  4- 6 || total
-------------------------+-------+-------++-------
Melee: Unarmed           |    97 |   106 ||   203
       Punch             |       |     2 ||     2
 Fire: Hunting sling     |       |     2 ||     2
  Use: Scroll            |       |     5 ||     5
       Potion            |       |     3 ||     3
 Stab: Sleeping          |     1 |     2 ||     3
       Invisible         |       |     1 ||     1
  Eat: Chunk             |    12 |    13 ||    25
Armor: Robe              |    53 |    27 ||    80
Dodge: Dodged            |    46 |    54 ||   100

Table legend:
 A = Spawn XP
 B = Non-spawn XP
 C = Spawn XP percentage of total XP
 D = Spawn monster count
 E = Non-spawn monster count
 F = Spawn count percentage of total count
 G = Total turns spent on level
                    A         B        C        D         E        F      G
               +---------+---------+-------+---------+---------+-------+---------
         Total |       0 |     230 |   0.0 |       0 |      78 |   0.0 |  3194
               +---------+---------+-------+---------+---------+-------+---------
           D:1 |       0 |      56 |   0.0 |       0 |      32 |   0.0 |   858
           D:2 |       0 |     115 |   0.0 |       0 |      26 |   0.0 |  1199
           D:3 |       0 |      59 |   0.0 |       0 |      20 |   0.0 |  1069
               +---------+---------+-------+---------+---------+-------+---------
